 Dungeon Crawl Stone Soup version 0.23-a0-183-gf37f6fb (webtiles) character file.

642 George the Carver (level 7, 0/57 HPs)
             Began as a Minotaur Fighter on Sept 22, 2018.
             Killed by divine providence
             ... invoked by an orc priest
              (16 damage)
             ... on level 5 of the Dungeon.
             The game lasted 00:03:49 (3042 turns).

George the Carver (Minotaur Fighter)                Turns: 3042, Time: 00:03:50

Health: 0/57       AC:  8    Str: 23    XL:     7   Next: 26%
Magic:  6/6        EV:  7    Int:  5    God:
Gold:   234        SH:  9    Dex:  9    Spells: 6/6 levels left

rFire    . . .     SeeInvis .   a - +0 long sword
rCold    . . .     Gourm    .   c - +0 shield
rNeg     . . .     Faith    .   b - +0 scale mail
rPois    .         Spirit   .   (helmet restricted)
rElec    .         Reflect  .   (no cloak)
rCorr    .         Harm     .   o - +0 pair of gloves
MR       .....                  (no boots)
Stlth    ..........             (no amulet)
HPRegen  0.19/turn              (no ring)
MPRegen  0.10/turn              (no ring)

@: no status effects
A: retaliatory headbutt, horns 2
a: no special abilities


You were on level 5 of the Dungeon.
You were not hungry.

You visited 1 branch of the dungeon, and saw 5 of its levels.

You collected 234 gold pieces.

Inventory:

Hand Weapons
 a - a +0 long sword (weapon)
 v - a +0 rapier
Armour
 b - a +0 scale mail (worn)
 c - a +0 shield (worn)
 o - a +0 pair of gloves (worn)
Wands
 u - a wand of enslavement (9)
 w - a wand of flame (38)
Scrolls
 e - 3 scrolls of remove curse {unknown}
 g - 3 scrolls of teleportation {unknown}
 h - 6 scrolls of identify {unknown}
 i - 2 scrolls of enchant armour {unknown}
 l - a scroll of noise {unknown}
 p - a scroll of enchant weapon {unknown}
 s - 2 scrolls of magic mapping {unknown}
 x - a scroll of blinking {unknown}
Potions
 d - 3 potions of might
 j - a potion of mutation {unknown}
 k - a potion of invisibility {unknown}
 m - 3 potions of curing {unknown}
 n - a potion of lignification {unknown}
 q - a potion of magic {unknown}
 r - a potion of degeneration {unknown}
Comestibles
 f - 7 rations
 t - a chunk of flesh


   Skills:
 - Level 3.6 Fighting
 + Level 9.8 Long Blades
 - Level 3.6 Armour
 - Level 3.6 Shields


You had 6 spell levels left.
You didn't know any spells.
Your spell library contained the following spells:

 Spells                   Type           Power        Failure   Level  Hunger
 Corona                   Hex            #......      99%         1    ##.....
 Ensorcelled Hibernation  Hex/Ice        #.....       100%        2    ###....
 Confuse                  Hex            #.......     100%        3    ####...
 Dazzling Spray           Conj/Hex       #.....       100%        3    ####...
 Tukima's Dance           Hex            #.......     100%        3    ####...


Dungeon Overview and Level Annotations

Branches:
Dungeon (5/15)
 Temple: D:4-7

Altars:
Qazlal


Innate Abilities, Weirdness & Mutations

You reflexively headbutt those who attack you in melee.
You have a pair of horns on your head.


Message History

The magic dart hits you!
Things that are here:
a dagger; a robe; an orc corpse Your shield prevents you from hitting something.
Something hits you. x2; Something hits you but does no damage.
The orc hits you but does no damage.
You barely miss something. Something hits you but does no damage.
You hear some strange, mumbled words.
A puff of flame appears from out of thin air!
The puff of flame hits you! The orc hits you but does no damage.
You slash something! Your headbutt misses something.
You block something's attack. Something hits you but does no damage.
You hear some strange, mumbled words.
A puff of frost appears from out of thin air!
The puff of frost hits you!
* * * LOW HITPOINT WARNING * * *
You block the orc's attack.
The orc priest calls down the wrath of Beogh upon you.
Beogh smites you!
You die...

#..........#.#.#
##...#.....#.#.#.#
#.###...#....##.#.#.
#..................
.###........##.#..
#...##........
#...###.###.#.
#.####.####.###.#####
.............So@{....+
##.####.####..##{#####
........S.#o#
#.#.####..#.#a# .. ..
.....#...##### ##
.#.####..........#
.... ................
.. . ###.............
#.....>.$.....


You could see a worker ant, an orc priest, an adder and an orc.

Vanquished Creatures
  Sigmund (D:3)
  2 ogres (D:4)
  A bullfrog (D:4)
  A hound (D:4)
  An iguana (D:4)
  A worker ant (D:4)
  A howler monkey zombie (D:4)
  Robin (D:4)
  5 adders
  2 oozes
  A worm (D:2)
  3 dart slugs
  4 leopard geckos
  2 ball pythons
  10 bats
  6 giant cockroaches
  12 goblins
  13 hobgoblins
  2 jackals (D:2)
  3 quokkas
  8 frilled lizards
  10 kobolds
  15 rats
105 creatures vanquished.

Vanquished Creatures (others)
  An orc wizard (D:5)
  A leopard gecko (D:3)
  A rat (D:3)
3 creatures vanquished.

Grand Total: 108 creatures vanquished

Notes
Turn   | Place    | Note
-------+----------+-------------------------------------------
     0 | D:1      | George the Minotaur Fighter began the quest for the Orb.
     0 | D:1      | Reached XP level 1. HP: 19/19 MP: 0/0
    22 | D:1      | Reached skill level 3 in Long Blades
   121 | D:1      | Reached XP level 2. HP: 25/26 MP: 1/1
   256 | D:1      | Reached skill level 4 in Long Blades
   309 | D:1      | Reached XP level 3. HP: 31/31 MP: 2/2
   767 | D:2      | Reached skill level 5 in Long Blades
   775 | D:2      | Reached XP level 4. HP: 17/39 MP: 3/3
  1510 | D:3      | Noticed Sigmund
  1516 | D:3      | Killed Sigmund
  1516 | D:3      | Reached skill level 7 in Long Blades
  1516 | D:3      | Reached XP level 5. HP: 42/45 MP: 4/4
  1663 | D:3      | Reached XP level 6. HP: 43/51 MP: 5/5
  2126 | D:3      | Found a stormy altar of Qazlal.
  2442 | D:4      | Reached skill level 8 in Long Blades
  2539 | D:4      | Noticed Robin
  2544 | D:4      | Killed Robin
  2572 | D:4      | Reached skill level 9 in Long Blades
  2631 | D:4      | Reached XP level 7. HP: 31/57 MP: 6/6
  2994 | D:5      | Entered Level 5 of the Dungeon
  3042 | D:5      | Killed from afar by an orc priest

Vault maps used:
D:1:      dpeg_arrival_ratfight, st_stairs_5
D:2:      first_ration
D:3:      minmay_item_behind_shaft, grunt_qazlal_clouds, uniq_sigmund
D:4:      uniq_robin
D:5:      marbit_many_paths, trog_book

Skill      XL: |  1  2  3  4  5  6 |
---------------+-------------------+-----
Long Blades    | 3 4 5 7 9 |  9.8
Fighting       | |  3.6
Armour         | |  3.6
Shields        | |  3.6

Action                   |  1- 3 |  4- 6 |  7- 9 || total
-------------------------+-------+-------+-------++-------
Melee: Long sword        |    98 |   129 |    29 ||   256
       Headbutt          |    11 |    17 |     2 ||    30
Evoke: Wand              |       |     2 |       ||     2
  Eat: Chunk             |       |     6 |     1 ||     7
Armor: Scale mail        |    42 |    45 |    17 ||   104
Dodge: Dodged            |    32 |    32 |     1 ||    65
Block: Shield            |    49 |    57 |    13 ||   119
       Rpst.: Long sword |     9 |     8 |       ||    17

Table legend:
 A = Non-vault XP
 B = Vault XP
 C = Vault XP percentage of total XP
 D = Non-vault monster count
 E = Vault monster count
 F = Vault count percentage of total count
                 A         B        C        D         E       F
            +---------+---------+-------+---------+---------+-------
      Total |     650 |     268 |  29.2 |      85 |      20 |  19.0
            +---------+---------+-------+---------+---------+-------
        D:1 |      52 |      13 |  20.0 |      30 |       8 |  21.1
        D:2 |      81 |       0 |   0.0 |      25 |       0 |   0.0
        D:3 |      48 |     220 |  82.1 |      18 |       1 |   5.3
        D:4 |     469 |      35 |   6.9 |      12 |      11 |  47.8
            +---------+---------+-------+---------+---------+-------
